 Dungeon Crawl Stone Soup version 0.24-a0-218-ga595e75 (webtiles) character file.

Game seed: 16717354001053700448

402892 mortelune the Impaler (level 23, -7/170 HPs)
             Began as a Gargoyle Fighter on Mar 30, 2019.
             Was a High Priest of the Shining One.
             Mangled by an ettin
             ... wielding a +0 great mace
              (23 damage)
             ... on level 3 of the Depths.
             The game lasted 03:46:19 (66551 turns).

mortelune the Impaler (Gargoyle Fighter)           Turns: 66551, Time: 03:46:20

Health: -7/170     AC: 50    Str: 22      XL:     23   Next: 34%
Magic:  28/35      EV: 11    Int: 14 (16) God:    the Shining One [*****.]
Gold:   2106       SH: 12    Dex: 10      Spells: 24/29 levels left

rFire    + . .     SeeInvis .   m - +9 trishula (holy)
rCold    + + .     Gourm    .   w - +0 shield {reflect}
rNeg     + + +     Faith    .   L - +3 storm dragon scales {Bai Suzhen}
rPois    ∞         Spirit   .   C - +1 helmet
rElec    +         Reflect  +   B - +0 cloak {MR+}
rCorr    +         Harm     .   l - +0 pair of gloves
MR       +++..                  Z - +2 pair of boots
Stlth    ..........             y - amulet of Vitality {Regen+ HP+15}
HPRegen  0.78/turn              a - ring of protection from cold
MPRegen  0.24/turn              E - ring of protection from magic

@: resistant, flying, very slightly contaminated, glowing, studying Fire Magic
A: big wings, deterioration 1, negative energy resistance 1, electricity
resistance, unbreathing, petrification resistance, rot immunity, subdued magic
1, AC +17
}: 2/15 runes: barnacled, gossamer
a: Stop Flying, Divine Shield, Cleansing Flame, Summon Divine Warrior, Renounce
Religion


You were on level 3 of the Depths.
You worshipped the Shining One.
The Shining One was extremely pleased with you.
You were not hungry.

You visited 9 branches of the dungeon, and saw 41 of its levels.
You also visited: Gauntlet.

You collected 5323 gold pieces.
You spent 3217 gold pieces at shops.

Inventory:

Hand Weapons
 m - a +9 trishula of holy wrath (weapon)
 x - the +8 morningstar of the Lame Duck {flame, rC+ Dex+3}
   (You found it on level 3 of the Elven Halls)

   It has been specially enchanted to burn those struck by it, causing extra
   injury to most foes and up to half again as much damage against particularly
   susceptible opponents.
   It affects your dexterity (+3).
   It protects you from cold.
 V - a +9 antimagic trident
Missiles
 h - 47 javelins (quivered)
Armour
 l - a +0 pair of gloves (worn)
 w - a +0 shield of reflection (worn)
 B - a +0 cloak of magic resistance (worn)
 C - a +1 helmet (worn)
 L - +3 storm dragon scales (worn) {Bai Suzhen}
 X - a scarf of cloud immunity
 Z - a +2 pair of boots (worn)
Jewellery
 a - a ring of protection from cold (left hand)
 y - the amulet of Vitality (around neck) {Regen+ HP+15}
   (You bought it in a shop on level 1 of the Elven Halls)

   [amulet of regeneration]

   It affects your health (+15).
   It increases your rate of regeneration.
 z - an uncursed ring of protection from fire
 E - a ring of protection from magic (right hand)
 U - a +5 amulet of reflection
Wands
 c - a wand of paralysis (6)
 n - a wand of flame (72)
 o - a wand of digging (9)
 q - a wand of enslavement (5)
 I - a wand of acid (5)
 J - a wand of polymorph (32)
 O - a wand of iceblast (28)
Scrolls
 g - 10 scrolls of teleportation
 i - a scroll of holy word
 k - 3 scrolls of summoning
 u - 23 scrolls of remove curse
 D - a scroll of fog
 F - 18 scrolls of identify
 H - 2 scrolls of immolation
 P - 5 scrolls of enchant armour
 T - 2 scrolls of amnesia
 W - 2 scrolls of fear
 Y - 3 scrolls of magic mapping
Potions
 b - 4 potions of berserk rage
 d - a potion of resistance
 j - 3 potions of curing
 p - 4 potions of cancellation
 r - 6 potions of agility
 s - 4 potions of haste
 t - 3 potions of magic
 K - 3 potions of might
 M - 5 potions of brilliance
 R - 5 potions of mutation
Books
 G - a manual of Fire Magic
Miscellaneous
 A - a lightning rod (4/4)
 N - a phantom mirror
 Q - a fan of gales
Comestibles
 f - 68 rations
 v - 9 chunks of flesh


   Skills:
 + Level 19.5 Fighting
 - Level 4.1 Maces & Flails
 - Level 20.0 Polearms
 + Level 19.6 Armour
 - Level 8.5 Dodging
 + Level 9.9 Shields
 - Level 3.8 Spellcasting
 - Level 3.8 Summonings
 - Level 16.0 Invocations
 - Level 8.0 Evocations


You had 24 spell levels left.
You knew the following spells:

 Your Spells              Type           Power        Failure   Level  Hunger
a - Summon Lightning Spi  Summ/Air       #.......     99%         4    ####...
b - Shock                 Conj/Air       #...         77%         1    None

Your spell library contained the following spells:

 Spells                   Type           Power        Failure   Level  Hunger
 Summon Butterflies       Summ           ##......     24%         1    None
 Call Canine Familiar     Summ           ##......     61%         3    ###....
 Apportation              Tloc           #.....       77%         1    None
 Beastly Appendage        Tmut           #.....       77%         1    None
 Confusing Touch          Hex            #.....       77%         1    None
 Magic Dart               Conj           #...         77%         1    None
 Sting                    Conj/Pois      #...         77%         1    None
 Recall                   Summ/Tloc      N/A          86%         3    ###....
 Corpse Rot               Necr           N/A          89%         2    ##.....
 Ensorcelled Hibernation  Hex/Ice        #.....       89%         2    ##.....
 Passwall                 Tmut/Erth      #.......     89%         2    ##.....
 Searing Ray              Conj           #.....       89%         2    ##.....
 Shroud of Golubria       Chrm/Tloc      #.........   89%         2    ##.....
 Sticks to Snakes         Tmut           #.......     89%         2    ##.....
 Swiftness                Chrm/Air       #.......     89%         2    ##.....
 Throw Flame              Conj/Fire      #.....       89%         2    ##.....
 Confuse                  Hex            #.......     98%         3    ###....
 Conjure Flame            Conj/Fire      #.......     98%         3    ###....
 Dazzling Spray           Conj/Hex       #.....       98%         3    ###....
 Gell's Gravitas          Tloc           #.........   98%         3    ###....
 Ignite Poison            Fire/Tmut/Pois #.......     98%         3    ###....
 Inner Flame              Hex/Fire       #.......     98%         3    ###....
 Lesser Beckoning         Tloc           #.........   98%         3    ###....
 Spider Form              Tmut/Pois      #.........   98%         3    ###....
 Stone Arrow              Conj/Erth      #.....       98%         3    ###....
 Tukima's Dance           Hex            #.......     98%         3    ###....
 Summon Ice Beast         Ice/Summ       #.......     99%         4    ####...
 Animate Dead             Necr           N/A          100%        4    ####...
 Cause Fear               Hex            #.........   100%        4    ####...
 Force Lance              Conj/Tloc      #.......     100%        4    ####...
 Fulminant Prism          Conj/Hex       #.........   100%        4    ####...
 Ice Form                 Ice/Tmut       #.......     100%        4    ####...
 Iskenderun's Mystic Bla  Conj           #.......     100%        4    ####...
 Leda's Liquefaction      Hex/Erth       #.........   100%        4    ####...
 Passage of Golubria      Tloc           N/A          100%        4    ####...
 Petrify                  Tmut/Erth      #.......     100%        4    ####...
 Sticky Flame             Conj/Fire      #.......     100%        4    ####...
 Alistair's Intoxication  Tmut/Pois      #.......     100%        5    ######.
 Blade Hands              Tmut           #.........   100%        5    ######.
 Bolt of Magma            Conj/Fire/Erth #.........   100%        5    ######.
 Borgnjor's Vile Clutch   Necr/Erth      #.........   100%        5    ######.
 Fireball                 Conj/Fire      #.........   100%        5    ######.
 Irradiate                Conj/Tmut      #.........   100%        5    ######.
 Iskenderun's Battlesphe  Conj/Chrm      #.......     100%        5    ######.
 Lee's Rapid Deconstruct  Erth           #.........   100%        5    ######.
 Lightning Bolt           Conj/Air       #.........   100%        5    ######.
 Metabolic Englaciation   Hex/Ice        #.........   100%        5    ######.
 Silence                  Hex/Air        #.........   100%        5    ######.
 Summon Forest            Summ/Tloc      #.........   100%        5    ######.
 Summon Mana Viper        Hex/Summ       #.......     100%        5    ######.
 Venom Bolt               Conj/Pois      #.........   100%        5    ######.
 Yara's Violent Unravell  Hex/Tmut       #.........   100%        5    ######.
 Bolt of Fire             Conj/Fire      #.........   100%        6    #######
 Conjure Ball Lightning   Conj/Air       #.........   100%        6    #######
 Darkness                 Hex            #.........   100%        6    #######
 Death Channel            Necr           #.........   100%        6    #######
 Deflect Missiles         Chrm/Air       #.........   100%        6    #######
 Hydra Form               Tmut           #.........   100%        6    #######
 Invisibility             Hex            #.......     100%        6    #######
 Iron Shot                Conj/Erth      #.........   100%        6    #######
 Shadow Creatures         Summ           N/A          100%        6    #######
 Simulacrum               Ice/Necr       #.........   100%        6    #######
 Dragon Form              Tmut           #.........   100%        7    #######
 Orb of Destruction       Conj           #.........   100%        7    #######
 Ring of Flames           Chrm/Fire      #.........   100%        7    #######
 Spellforged Servitor     Conj/Summ      #.........   100%        7    #######
 Summon Hydra             Summ           ##........   100%        7    #######
 Discord                  Hex            #.........   100%        8    #######
 Ignition                 Fire           #.........   100%        8    #######
 Shatter                  Erth           #.........   100%        9    #######
 Tornado                  Air            #.........   100%        9    #######
 Statue Form              Tmut/Erth      Unusable     N/A         6    N/A

Dungeon Overview and Level Annotations

Branches:
Dungeon (15/15)            Temple (1/1) D:5            Lair (6/6) D:9
 Shoals (4/4) Lair:3       Spider (4/4) Lair:4        Slime (0/5) Lair:6
    Orc (2/2) D:9             Elf (3/3) Orc:2        Vaults (3/5) D:13
  Crypt (0/3) Vaults:3     Depths (3/5) D:15

Altars:
Ashenzari
Cheibriados
Gozag
Makhleb
Sif Muna
Trog
Vehumet
The Shining One
Jiyva

Shops:
D:6 *   D:9 %   D:11 *   D:12 =   D:14 *   Orc:2 [*:(   Elf:1 =   Vaults:1 !(
Depths:1 *

Portals:
Hell: Depths:1 Depths:2 Depths:3
Abyss: Depths:2
Pandemonium: Depths:2 Depths:3
Ziggurat: Depths:2

Annotations:
D:15 3 runed translucent doors, exclusion: Roxanne, Roxanne; bli's ghost, amateur FoAK


Innate Abilities, Weirdness & Mutations

You are resistant to torment.
Your stone body is resilient. (AC +17)
You are immune to poison.
Your large and strong wings let you fly indefinitely.
You resist negative energy. (rN+)
You are resistant to electric shocks. (rElec)
You can survive without breathing.
You are immune to petrification.
You are immune to rotting.
Your body sometimes deteriorates upon taking damage.
Your spells are a little easier to cast, but a little less powerful.


Message History

Your angel hits the frost giant but does no damage. x3
You feel protected.
Your surroundings suddenly seem different.
An ettin comes into view.
It is wielding a +0 great mace and a +0 dire flail.
The ettin shouts in stereo!
There is an open door here.
Items here: ( ) [[ a +1 long sword of slicing; a +4 ring mail of poison resistance; a +0 buckler an arrow
There is an open door, spattered with blood here.
Things that are here:
a +0 shortbow; 22 arrows Evoke which item? (* to show all) (? for menu, Esc to quit)
Aiming: Paralyse
Press: ? - help, Shift-Dir - straight line, f - ettin
Aim: an ettin, wielding a +0 great mace and a +0 dire flail (haloed, chance to defeat MR: 51%)
The ettin resists with significant effort.
The ettin barely misses you.
The ettin hits you with a +0 dire flail!!
You die...

###.....#.#.#.###..
#.#.....#.#(#)##
#.'..#⌠.'.#)#..#
#.#.....#.#((..# #######..)..#
#(#..# .#
#...:####)#####.#'###'###.
#####'###....#.#..#...'.....
##
#.#.....#..C.#.#..'...#.....
(# #.#.....'.(@.'.#(/#...# ...
.# #.'..#..#....#.#..#...# .
.# #.#...⌠.###(####..#...#
[#######.....#(((.#...###### .
##...####'#####(###.########..
###'###....#.#[)..........<...
#.....#....#.#)#..∩.).........
#.....'....'.#)#.)).##).###...
'..#..#....#.#[#....##..###..♣


You could see an ettin.

Vanquished Creatures
  Mara (Depths:1)
  Frederick (Depths:3)
  the Enchantress (Depths:1)
  Arachne (Spider:3)
  A lich (Depths:2)
  2 deep elf blademasters (Elf:2)
  2 krakens (Shoals:4)
  A sphinx (Depths:3)
  A shadow dragon (Depths:3)
  Donald (Elf:3)
  Ilsuiw (Shoals:2)
  3 tengu reavers (Depths:3)
  3 deep elf sorcerers
  4 fire giants (Depths:3)
  A ghost moth (Spider:2)
  3 orc warlords (Orc:1)
  5 vault wardens
  Aizul (Spider:1)
  5 frost giants
  4 deep elf elementalists
  4 emperor scorpions
  3 spriggan defenders
  3 very ugly things (Depths:3)
  6 ironheart preservers
  15 stone giants
  2 entropy weavers (Spider:3)
  3 vampire knights
  6 deep elf demonologists (Elf:3)
  6 deep elf annihilators (Elf:3)
  7 spark wasps
  A dire elephant (D:15)
  A minotaur (Gauntlet)
  A merfolk javelineer (Shoals:4)
  A crystal guardian (Vaults:1)
  9 fire dragons
  4 deep elf death magi (Elf:3)
  3 jiangshi (Depths:1)
  15 merfolk impalers
  7 ettins
  Erolcha (D:10)
  2 deep elf high priests
  10 yaktaur captains
  Fannar (Lair:3)
  Harold (Lair:2)
  5 rakshasas
  7 vault guards
  5 ice dragons
  6 great orbs of eyes
  7 spriggan air magi
  2 hydras
  A large abomination (Depths:3)
  13 centaur warriors
  5 merfolk aquamancers
  7 ogre magi
  4 merfolk avatars
  24 two-headed ogres
  A deep troll shaman (Depths:3)
  9 death yaks
  An alligator snapping turtle (Shoals:4)
  A satyr (Shoals:3)
  7 tengu warriors
  5 deep troll earth magi
  27 dancing weapons
  2 vampire magi
  6 spriggan berserkers
  15 deep elf knights
  A salamander mystic (Depths:1)
  A shadow wraith (Vaults:1)
  6 deep trolls
  A hell knight (Depths:3)
  An unseen horror (D:12)
  13 sea snakes
  A flayed ghost (Depths:3)
  3 glowing orange brains (Depths:2)
  A phantasmal warrior (Vaults:3)
  An orange crystal statue (Depths:1)
  11 deep elf archers
  14 orc knights
  4 wizards
  13 ironbrand convokers
  A kraken simulacrum (Shoals:4)
  12 harpies
  A wolf spider zombie (D:11)
  13 cyclopes
  39 ugly things
  2 necromancers
  3 salamanders (Depths:1)
  A human zombie (Vaults:1)
  4 orc sorcerers
  13 manticores
  4 fauns
  37 deep elf magi
  19 orb spiders
  27 wolf spiders
  A manticore (shapeshifter) (Elf:3)
  A shining eye (shapeshifter) (Elf:2)
  A moth of wrath (shapeshifter) (Vaults:3)
  7 moths of wrath
  3 elephants (Lair:2)
  17 merfolk sirens
  A stone giant skeleton (Vaults:1)
  3 black mambas
  4 centaur zombies
  8 vault sentinels
  A rust devil (Depths:3)
  A torpor snail (Spider:4)
  An orange demon (Depths:2)
  A smoke demon (Depths:2)
  10 water nymphs
  A gargoyle (D:10)
  A rime drake (Lair:5)
  A komodo dragon (shapeshifter) (Vaults:3)
  A hellion (Depths:2)
  10 komodo dragons
  5 freezing wraiths
  23 spiny frogs
  A kobold demonologist (D:8)
  A minotaur zombie (Gauntlet)
  2 efreet
  A small abomination (Elf:3)
  5 tengu conjurers
  8 demonic crawlers
  19 yaktaurs
  6 hellwings
  32 jumping spiders
  6 meliai
  4 tyrant leeches (Lair:6)
  A queen bee (D:15)
  A polar bear (shapeshifter) (Depths:3)
  A meliai (shapeshifter) (Vaults:3)
  A red devil (Depths:2)
  A polar bear (Lair:6)
  15 trolls
  A jumping spider (shapeshifter) (Vaults:3)
  14 hornets
  34 merfolk
  22 slime creatures
  2 meliai zombies
  26 blink frogs
  11 hippogriffs
  16 dream sheep
  3 wind drakes
  13 snapping turtles
  An ettin zombie (Vaults:1)
  A raiju (Gauntlet)
  4 air elementals
  A spriggan (shapeshifter) (Vaults:2)
  Sigmund (D:6)
  4 spriggans
  70 yaks
  28 tarantellas
  19 water elementals
  54 redbacks
  6 wraiths
  3 basilisks
  Eustachio (D:5)
  A wyvern (Lair:6)
  A steam dragon (Gauntlet)
  7 vampire mosquitoes
  A swamp worm (shapeshifter) (Depths:3)
  Menkaure (D:5)
  Edmund (D:6)
  7 wargs
  4 acid dragons
  8 water moccasins
  6 porcupines
  A soldier ant (D:11)
  A floating eye (Depths:3)
  4 hell hounds (Depths:1)
  A water moccasin (shapeshifter) (Vaults:3)
  34 orc warriors
  3 black bears
  A hornet zombie (D:11)
  An ice beast (shapeshifter) (Depths:2)
  4 wolves (D:9)
  24 ogres
  5 ice beasts
  2 sky beasts
  An eye of draining (shapeshifter) (Vaults:3)
  A phantom (D:5)
  6 boggarts
  12 centaurs
  14 crocodiles
  18 big kobolds
  A gnoll sergeant (D:7)
  22 bullfrogs
  2 human skeletons (Vaults:1)
  A wyvern zombie (D:10)
  6 earth elementals
  4 scorpions
  A water moccasin skeleton (D:4)
  20 killer bees
  A human simulacrum (Vaults:1)
  5 howler monkeys
  9 wights
  6 electric eels
  7 crimson imps
  A quasit (D:13)
  2 bullfrog zombies
  5 jellies
  13 orc priests
  A gnoll shaman (D:6)
  13 hounds
  A bullfrog skeleton (D:7)
  3 centaur skeletons
  Jessica (D:4)
  3 iguanas
  10 worker ants
  18 orc wizards
  A worker ant zombie (D:9)
  12 adders
  8 gnolls
  2 shadow imps
  An ooze (D:3)
  An adder zombie (D:5)
  5 adder skeletons
  3 worms
  4 dart slugs
  4 leopard geckos
  98 orcs
  6 bats
  6 giant cockroaches
  4 goblins
  8 hobgoblins
  12 jackals
  32 kobolds
  4 quokkas
  2 ball pythons
  5 frilled lizards
  A giant cockroach zombie (D:6)
  5 rats
  3 fungi
  8 tentacles (Shoals:4)
1664 creatures vanquished.

Vanquished Creatures (collateral kills)
  Bai Suzhen (Depths:3)
  A caustic shrike (Depths:3)
  Jorgrun (Spider:3)
  2 deep elf master archers (Elf:3)
  A deep elf blademaster (Elf:3)
  A vault warden (Vaults:3)
  A fire giant (Depths:3)
  A balrug (Depths:1)
  A frost giant (Depths:3)
  Louise (Spider:3)
  3 ghost moths (Spider:4)
  A deep elf elementalist (Elf:3)
  A stone giant (Vaults:2)
  2 entropy weavers
  2 deep elf annihilators (Elf:3)
  A deep elf demonologist (Elf:3)
  A merfolk impaler (Shoals:4)
  An ettin (Depths:1)
  2 merfolk javelineers (Shoals:4)
  3 deep elf death magi (Elf:3)
  An ogre mage (Depths:1)
  An ice dragon (Depths:3)
  A rakshasa (Vaults:2)
  A spriggan air mage (Depths:2)
  2 centaur warriors
  A dancing weapon (Elf:2)
  A merfolk aquamancer (Shoals:4)
  A deep troll shaman (Vaults:3)
  A deep troll earth mage (Vaults:2)
  2 deep elf knights
  An unseen horror (D:14)
  A deep elf archer (Elf:2)
  An orc knight (Vaults:3)
  4 deep elf magi
  An orc sorcerer (Orc:2)
  A moth of wrath (Gauntlet)
  A merfolk siren (Shoals:4)
  2 yaktaurs (Depths:1)
  2 trolls (Orc:2)
  2 hellwings (Depths:1)
  4 jumping spiders
  A merfolk (Shoals:4)
  A wind drake (Shoals:4)
  3 slime creatures
  2 water elementals (Shoals:4)
  8 redbacks
  A vampire mosquito (D:14)
  5 orc warriors
  3 boggarts (Vaults:2)
  4 centaurs
  A bullfrog (D:14)
  2 killer bees (D:14)
  3 crimson imps (Depths:1)
  An orc priest (Orc:2)
  6 orcs
  A plant (Shoals:4)
  3 tentacles (Shoals:4)
105 creatures vanquished.

Vanquished Creatures (others)
  A two-headed ogre (Depths:3)
  A dancing weapon (Elf:2)
  A deep elf mage (Vaults:1)
  2 slime creatures (Vaults:1)
  A boggart (Depths:2)
  An orc priest (Orc:1)
  An orc wizard (Orc:1)
  A bush (Lair:2)
  19 fungi
  57 plants
  37 tentacles (Shoals:4)
  2 withered plants (Gauntlet)
124 creatures vanquished.

Grand Total: 1893 creatures vanquished

Notes
Turn   | Place    | Note
-------+----------+-------------------------------------------
     0 | D:1      | mortelune the Gargoyle Fighter began the quest for the Orb.
     0 | D:1      | Reached XP level 1. HP: 14/14 MP: 1/1
   698 | D:1      | Reached XP level 2. HP: 19/19 MP: 2/2
  1765 | D:2      | Reached XP level 3. HP: 16/23 MP: 3/3
  2260 | D:2      | You fall through a shaft for 2 floors!
  2276 | D:4      | Reached XP level 4. HP: 27/29 MP: 4/4
  2335 | D:4      | Reached XP level 5. HP: 12/33 MP: 5/5
  3247 | D:2      | Found a glowing golden altar of the Shining One.
  3254 | D:2      | Found a shattered altar of Ashenzari.
  3352 | D:2      | Became a worshipper of the Shining One
  3706 | D:3      | Reached XP level 6. HP: 36/38 MP: 6/6
  4122 | D:3      | Reached skill level 5 in Armour
  4555 | D:4      | Got a twisted bardiche
  4585 | D:4      | Identified the +6 bardiche "Zeic" {venom, rPois rC+ MR+
                  | Str+3} (You found it on level 4 of the Dungeon)
  4696 | D:4      | Noticed Jessica
  4703 | D:4      | Killed Jessica
  4706 | D:4      | Found a deep blue altar of Sif Muna.
  4884 | D:4      | Found a snail-covered altar of Cheibriados.
  5013 | D:5      | Entered Level 5 of the Dungeon
  5015 | D:5      | Reached skill level 1 in Polearms
  5018 | D:5      | Reached * piety under the Shining One
  5021 | D:5      | Noticed a phantom
  5022 | D:5      | Noticed Menkaure
  5180 | D:5      | Killed Menkaure
  5180 | D:5      | Reached skill level 2 in Polearms
  5180 | D:5      | Reached XP level 7. HP: 44/44 MP: 7/7
  5186 | D:5      | Got an ancient hand axe
  5227 | D:5      | Reached skill level 5 in Fighting
  5347 | D:5      | Reached skill level 3 in Polearms
  5462 | D:5      | Found a staircase to the Ecumenical Temple.
  5462 | D:5      | Noticed Eustachio
  5464 | D:5      | Killed Eustachio
  5464 | D:5      | Reached XP level 8. HP: 50/50 MP: 8/8
  5475 | D:5      | Reached skill level 4 in Polearms
  6001 | Temple   | Entered the Ecumenical Temple
  6055 | D:6      | Noticed Sigmund
  6060 | D:6      | Killed Sigmund
  6060 | D:6      | Reached skill level 5 in Polearms
  6105 | D:6      | Found Nupsiss's General Store.
  6113 | D:6      | Bought a scroll of blinking for 90 gold pieces
  6300 | D:6      | Reached ** piety under the Shining One
  6540 | D:6      | Reached XP level 9. HP: 39/56 MP: 9/9
  6547 | D:6      | Reached skill level 6 in Polearms
  6656 | D:6      | Found a bloodstained altar of Trog.
  6730 | D:6      | Noticed Edmund
  6741 | D:6      | Killed Edmund
  7689 | D:7      | Noticed a cyclops
  7703 | D:7      | Killed a cyclops
  7703 | D:7      | Reached skill level 7 in Polearms
  7724 | D:7      | Noticed a hornet
  7745 | D:6      | Killed a hornet
  8002 | D:7      | Reached skill level 1 in Invocations
  8039 | D:7      | Reached XP level 10. HP: 64/64 MP: 10/10
  8067 | D:7      | Reached skill level 8 in Polearms
  8211 | D:7      | Reached *** piety under the Shining One
  8575 | D:8      | Found a radiant altar of Vehumet.
  8577 | D:8      | Found an opulent altar of Gozag.
  8761 | D:8      | Noticed a kobold demonologist
  8774 | D:8      | Killed a kobold demonologist
  8950 | D:8      | Noticed a two-headed ogre
  8955 | D:8      | Killed a two-headed ogre
  8955 | D:8      | Reached skill level 9 in Polearms
  9356 | D:9      | Reached XP level 11. HP: 71/71 MP: 14/14
  9456 | D:9      | Noticed a two-headed ogre
  9461 | D:9      | Killed a two-headed ogre
  9743 | D:9      | Found a staircase to the Lair.
  9746 | D:9      | Reached skill level 5 in Invocations
 10025 | D:9      | Found a staircase to the Orcish Mines.
 10230 | D:9      | Reached skill level 10 in Polearms
 10286 | D:9      | Found Ketzoit's Food Shop.
 10299 | D:9      | Reached **** piety under the Shining One
 10422 | D:10     | Entered Level 10 of the Dungeon
 10758 | D:10     | Reached skill level 10 in Armour
 11066 | Lair:1   | Entered Level 1 of the Lair of Beasts
 11703 | Lair:1   | Reached skill level 10 in Fighting
 12293 | Lair:2   | Reached XP level 12. HP: 74/77 MP: 16/16
 12318 | Lair:2   | Reached skill level 11 in Polearms
 12561 | Lair:2   | Noticed a seven-headed hydra
 12571 | Lair:2   | Killed a seven-headed hydra
 12809 | Lair:2   | Noticed Harold
 12824 | Lair:2   | Killed Harold
 14060 | Lair:3   | Noticed Fannar
 14319 | Lair:3   | Identified a scroll of acquirement
 14365 | Lair:3   | Killed Fannar
 14501 | Lair:3   | Reached skill level 12 in Polearms
 14820 | Lair:3   | Found a staircase to the Shoals.
 15447 | Lair:4   | Reached XP level 13. HP: 81/84 MP: 19/19
 15780 | Lair:4   | Found a hole to the Spider Nest.
 17221 | Lair:6   | Entered Level 6 of the Lair of Beasts
 17278 | Lair:6   | Found a gate leading to a gauntlet.
 17312 | Gauntlet | Entered a Gauntlet
 17312 | Gauntlet | Found a transporter.
 17312 | Gauntlet | Found a transporter.
 17472 | Gauntlet | Found a transporter.
 17472 | Gauntlet | Found a transporter.
 17482 | Gauntlet | Found a transporter.
 17501 | Gauntlet | Found a transporter.
 17511 | Gauntlet | Found a transporter.
 17511 | Gauntlet | Found a transporter.
 17516 | Gauntlet | Found a transporter.
 17523 | Gauntlet | Reached ***** piety under the Shining One
 17543 | Gauntlet | Found a transporter.
 17552 | Gauntlet | Noticed an emperor scorpion
 17552 | Gauntlet | a queen ant changed into an emperor scorpion
 17553 | Gauntlet | Noticed a storm dragon
 17553 | Gauntlet | an emperor scorpion changed into a storm dragon
 17557 | Gauntlet | Noticed a ghost moth
 17557 | Gauntlet | a storm dragon changed into a ghost moth
 17558 | Gauntlet | a ghost moth changed into an alligator
 17561 | Gauntlet | Noticed a ghost moth
 17561 | Gauntlet | an alligator changed into a ghost moth
 17568 | Gauntlet | a ghost moth changed into an alligator
 17571 | Gauntlet | Noticed a great orb of eyes
 17571 | Gauntlet | an alligator changed into a great orb of eyes
 17572 | Gauntlet | a great orb of eyes changed into a five-headed hydra
 17588 | Gauntlet | Noticed a ghost moth
 17588 | Gauntlet | an alligator changed into a ghost moth
 17589 | Gauntlet | Noticed an ice dragon
 17589 | Gauntlet | a ghost moth changed into an ice dragon
 17590 | Gauntlet | an ice dragon changed into a satyr
 17592 | Gauntlet | Noticed an ettin
 17592 | Gauntlet | a satyr changed into an ettin
 17594 | Gauntlet | an ettin changed into an alligator
 17597 | Gauntlet | Found a transporter.
 17634 | Gauntlet | Found a transporter.
 17701 | Gauntlet | Found a transporter.
 17783 | Gauntlet | Found a transporter.
 18084 | Gauntlet | Noticed a minotaur
 18094 | Gauntlet | Killed a minotaur
 18301 | Gauntlet | Identified the Tome of Torrid Blows and Bruises
 18303 | Gauntlet | Got a twisted glaive
 18306 | Gauntlet | Identified the +11 glaive "Spiderbane" {freeze, rN++ Str+6
                  | Int-5} (You found it in a Gauntlet)
 18478 | Lair:6   | Reached skill level 13 in Polearms
 18911 | Lair:6   | Gained mutation: Your large and strong wings let you fly
                  | indefinitely. [Gargoyle growth]
 18911 | Lair:6   | Reached XP level 14. HP: 81/92 MP: 21/21
 18929 | Lair:6   | Identified the Volume of the Rocks
 19013 | Lair:6   | Found the +8 mithril axe "Arga" {speed, MR+}
 19097 | Lair:6   | Reached skill level 10 in Invocations
 19762 | Lair:6   | Found a viscous altar of Jiyva.
 19762 | Lair:6   | Found a staircase to the Slime Pits.
 21527 | D:10     | Noticed Erolcha
 21535 | D:10     | Killed Erolcha
 21997 | D:11     | Reached skill level 14 in Polearms
 22532 | D:11     | Found Feorioff's Assorted Antiques.
 22557 | D:11     | Bought a twisted gilded ring for 180 gold pieces
 23278 | D:12     | Found Koxt's Jewellery Boutique.
 23286 | D:12     | Bought an uncursed ring of protection from fire for 325
                  | gold pieces
 23827 | Orc:1    | Entered Level 1 of the Orcish Mines
 23880 | Orc:1    | Noticed an orc warlord
 23888 | Orc:1    | Reached XP level 15. HP: 94/99 MP: 23/23
 23960 | Orc:1    | Killed an orc warlord
 24162 | Orc:2    | Entered Level 2 of the Orcish Mines
 24277 | Orc:2    | Found Orhim's Antique Armour Boutique.
 24710 | Orc:2    | Found a radiant altar of Vehumet.
 24992 | Orc:2    | Noticed an orc warlord
 25375 | Orc:1    | Killed an orc warlord
 25860 | Orc:2    | Found Naqub's Antique Weapon Boutique.
 25881 | Orc:2    | Found Bokoniux's Book Emporium.
 25959 | Orc:2    | Found a staircase to the Elven Halls.
 25982 | Orc:2    | Found Ideimiad's General Store.
 26012 | Orc:2    | Bought a scroll of identify for 24 gold pieces
 26012 | Orc:2    | Bought a scroll of random uselessness for 12 gold pieces
 26171 | Orc:2    | Bought a pair of embroidered boots for 172 gold pieces
 26229 | Orc:2    | Bought a pitted shortbow for 224 gold pieces
 26229 | Orc:2    | Identified the +3 shortbow of Lempoin {speed, rC+ rN+
                  | Str+7} (You bought it in a shop on level 2 of the Orcish
                  | Mines)
 26500 | Orc:1    | Noticed an orc warlord
 26507 | Orc:1    | Killed an orc warlord
 27150 | Spider:1 | Entered Level 1 of the Spider Nest
 28057 | Spider:2 | Noticed Aizul
 28072 | Spider:1 | Killed Aizul
 28428 | Spider:2 | Noticed a ghost moth
 28439 | Spider:2 | Killed a ghost moth
 29228 | Spider:2 | Noticed an emperor scorpion
 29262 | Spider:2 | Killed an emperor scorpion
 29850 | Spider:3 | Reached XP level 16. HP: 105/107 MP: 25/25
 29850 | Spider:3 | Noticed Louise
 29865 | Spider:3 | Killed Louise
 29865 | Spider:3 | Reached skill level 15 in Polearms
 29866 | Spider:3 | Noticed Arachne
 29872 | Spider:3 | Noticed Jorgrun
 29878 | Spider:3 | Killed Arachne
 29885 | Spider:3 | Killed Jorgrun
 31243 | Spider:3 | Reached skill level 15 in Armour
 31741 | Spider:4 | Entered Level 4 of the Spider Nest
 32075 | Spider:4 | Got a twisted long sword
 32076 | Spider:4 | Identified the +8 long sword of Sulphur {flame, rF- rN+
                  | MP+9 Int+4} (You found it on level 4 of the Spider Nest)
 33039 | D:13     | Reached skill level 15 in Fighting
 33328 | D:13     | You are sucked into a shaft for 2 floors!
 33328 | D:15     | Entered Level 15 of the Dungeon
 34093 | D:14     | Found Jioczops's Changing Room.
 34646 | D:14     | Reached skill level 1 in Dodging
 35304 | D:13     | Found a gate to the Vaults.
 36134 | D:15     | Reached XP level 17. HP: 85/113 MP: 27/27
 36523 | D:15     | Identified Roxanne's Grimoire of Earth
 36523 | D:15     | Noticed Roxanne
 36566 | D:15     | Found a runed translucent gate.
 36567 | D:15     | Found a runed translucent gate.
 36568 | D:15     | Found a runed translucent gate.
 36599 | D:15     | Noticed bli's ghost (amateur FoAK)
 36762 | D:15     | Found a staircase to the Depths.
 36898 | D:15     | Got a spiked chain mail
 36909 | D:15     | Identified the +6 chain mail of the Blessed Realm {Stlth+}
                  | (You found it on level 15 of the Dungeon)
 37418 | Shoals:1 | Entered Level 1 of the Shoals
 38344 | Shoals:1 | Learned a level 4 spell: Summon Lightning Spire
 38346 | Shoals:1 | Learned a level 1 spell: Shock
 38642 | Shoals:2 | Reached ****** piety under the Shining One
 38652 | Shoals:2 | Reached skill level 1 in Summonings
 38709 | Shoals:2 | Reached skill level 1 in Spellcasting
 38735 | Shoals:2 | Noticed Ilsuiw
 38804 | Shoals:2 | Killed Ilsuiw
 39999 | Shoals:3 | Reached skill level 16 in Polearms
 40934 | Shoals:4 | Entered Level 4 of the Shoals
 41196 | Shoals:4 | Noticed a kraken
 41664 | Shoals:4 | Reached XP level 18. HP: 120/120 MP: 28/28
 43669 | Shoals:4 | Got a barnacled rune of Zot
 44080 | Shoals:4 | Identified Utwashua's Handbook of Transformation
 45253 | Spider:4 | Reached skill level 1 in Evocations
 45905 | Spider:4 | Reached skill level 5 in Dodging
 47374 | Spider:4 | Reached XP level 19. HP: 122/127 MP: 30/30
 47751 | Spider:4 | Reached skill level 15 in Invocations
 48069 | Spider:4 | Got a gossamer rune of Zot
 48409 | Depths:1 | Entered Level 1 of the Depths
 48409 | Depths:1 | Identified the +3 faerie dragon scales {+Blink rPois rN+
                  | rCorr}
 48409 | Depths:1 | Noticed the Enchantress
 48889 | Elf:1    | Entered Level 1 of the Elven Halls
 48925 | Elf:1    | You are sucked into a shaft!
 48938 | Elf:2    | Reached skill level 17 in Polearms
 49081 | Elf:2    | HP: 1/127 [deep elf knight (9)]
 50218 | Elf:2    | Found a runed translucent door.
 50218 | Elf:2    | Found a runed translucent door.
 50750 | Elf:2    | Gained mutation: Your spells are a little easier to cast,
                  | but a little less powerful. [a shining eye]
 50752 | Elf:2    | Gained mutation: Your body sometimes deteriorates upon
                  | taking damage. [a shining eye]
 51168 | Elf:2    | Got a warped buckler
 51169 | Elf:2    | Identified the -3 buckler of Dishonour {Int+5} (You
                  | acquired it on level 2 of the Elven Halls)
 51578 | Elf:1    | Got a dazzling ring mail
 51579 | Elf:1    | Identified the +5 ring mail of Instinct {*Corrode rF+
                  | Int+3} (You found it on level 1 of the Elven Halls)
 51844 | Elf:1    | Found Vauqiog's Jewellery Boutique.
 51852 | Elf:1    | Bought an uncursed ring of protection from magic for 375
                  | gold pieces
 51852 | Elf:1    | Bought an uncursed ring of flight for 262 gold pieces
 51852 | Elf:1    | Bought the amulet of Vitality {Regen+ HP+15} for 1185 gold
                  | pieces
 51852 | Elf:1    | Found the amulet of Vitality {Regen+ HP+15}
 52059 | Depths:1 | Killed the Enchantress
 52241 | Depths:1 | Noticed Mara
 52283 | Depths:1 | Noticed mortelune's illusion
 52287 | Depths:1 | Killed Mara
 52287 | Depths:1 | Reached XP level 20. HP: 127/134 MP: 20/31
 52310 | Depths:1 | Reached skill level 5 in Evocations
 52487 | Depths:1 | Identified the Almanac of Talismans
 52502 | Depths:1 | Got a transparent lajatang
 52503 | Depths:1 | Identified the +10 lajatang of the Fool {slice, Int+2} (You
                  | found it on level 1 of the Depths)
 52552 | Depths:1 | Found a gateway to Hell.
 52752 | Depths:1 | Found Fewnoreq's Pet Rocks.
 52809 | Depths:1 | You are sucked into a shaft!
 52824 | Depths:2 | Found a one-way gate leading to the halls of Pandemonium.
 52995 | Depths:2 | Found a gateway to a ziggurat.
 53297 | Vaults:1 | Entered Level 1 of the Vaults
 53947 | Vaults:1 | Reached skill level 18 in Polearms
 54646 | Vaults:1 | Found Impu Ifo's Weapon Emporium.
 54897 | Vaults:1 | Found Opeimeso's Distillery.
 54905 | Vaults:1 | Bought a potion of heal wounds for 80 gold pieces
 54905 | Vaults:1 | Bought 2 potions of might for 128 gold pieces
 54905 | Vaults:1 | Bought a potion of haste for 160 gold pieces
 56528 | Vaults:2 | Reached XP level 21. HP: 138/140 MP: 33/33
 57845 | Vaults:3 | Found a staircase to the Crypt.
 58370 | Vaults:3 | Identified a +9 trishula of holy wrath (a +8 demon trident
                  | of freezing blessed by the Shining One)
 58370 | Vaults:3 | Received a gift from the Shining One
 59220 | Elf:3    | Entered Level 3 of the Elven Halls
 59575 | Elf:3    | Reached skill level 19 in Polearms
 59651 | Elf:3    | Identified the +5 mace of Fiequr {crush, SInv}
 59982 | Elf:3    | Identified the +4 ring mail of Refuge {rC+ Int-2 Slay+2}
 59984 | Elf:3    | Identified the cursed +1 plate armour "Hyclui" {rC+ rCorr
                  | Int-4}
 60024 | Elf:3    | Reached skill level 5 in Shields
 60370 | Elf:3    | Identified the Almanac of Intoxication and Fire
 60373 | Elf:3    | Identified Bapobyurr's Grimoire of Burning Transmigration
 60624 | Elf:3    | Identified the Volume of the Poisonous Birds
 60661 | Elf:3    | Got a faintly glowing morningstar
 60662 | Elf:3    | Identified the +8 morningstar of the Lame Duck {flame, rC+
                  | Dex+3} (You found it on level 3 of the Elven Halls)
 60893 | Elf:3    | Identified the +4 scimitar of Forgiveness {slice, rElec rC-
                  | Int+4}
 61059 | Elf:3    | Reached XP level 22. HP: 148/148 MP: 11/34
 61454 | Elf:3    | Noticed Donald
 61477 | Elf:3    | Killed Donald
 64149 | Depths:2 | Found a one-way gate to the infinite horrors of the Abyss.
 64224 | Depths:3 | Got an ichor-stained arbalest
 64225 | Depths:3 | Identified the +9 arbalest of Law {penet, Dex+4} (You found
                  | it on level 3 of the Depths)
 64462 | Depths:3 | Noticed Bai Suzhen
 64498 | Depths:3 | Killed Bai Suzhen
 64501 | Depths:3 | Noticed Frederick
 64804 | Depths:3 | Killed Frederick
 65241 | Depths:3 | Reached skill level 20 in Polearms
 65437 | Depths:3 | Noticed a caustic shrike
 65453 | Depths:3 | Killed a caustic shrike
 65453 | Depths:3 | Reached XP level 23. HP: 71/155 MP: 19/35
 66461 | Depths:3 | Identified the Compendium of Earth and Attacks
 66537 | Depths:3 | HP: 5/170 [frost giant/bolt of cold (23)]
 66551 | Depths:3 | Mangled by an ettin

Levels and vault maps discovered:
D:1:      kennysheep_arrival_seaside, layout_basic
D:2:      layout_loops_corners, amethyst_overflow_temple_binary
D:3:      layout_loops_corners, corexii_hall_statues_i, serial_park_tiny_pond
D:4:      layout_basic, nicolae_overflow_crystal_walls, first_ration, tgw_sif
D:5:      layout_cave_pools, minmay_temple_entry_mini_moons, uniq_eustachio,
          uniq_menkaure
D:6:      layout_layer_cave, basic_altar, serial_shops, kennysheep_little_box,
          due_unseen_surprise, uniq_edmund, uniq_sigmund
D:7:      layout_rooms, serial_bayou_pond_a, grunt_ogre_cave
D:8:      layout_loops_ring, chequers_temple_overflow_statue_of_worship,
          special_room [special_room_kobold]
D:9:      layout_stronghold, erik_lair_island, orc_david_3, serial_shops,
          nicolae_shop_temple_entry_statues_fountains
D:10:     layout_basic, uniq_erolcha
D:11:     layout_cave_pods, serial_shops, nicolae_shop_statue_plus
D:12:     layout_irregular_city, serial_shops, shop_fountains, minmay_holes
D:13:     layout_long_grid, lightli_vaults_fourway_checkpoint
D:14:     layout_roguey, skrybe_limestone_x, nicolae_transmutations_shop
D:15:     hangedman_depths_entry_try_elsewhere_first, layout_basic, special_room
          [special_room_bee], gammafunk_ghost_icy, uniq_roxanne
Temple:   minmay_crystal_spiral_temple
Lair:1:   layout_cave_pods
Lair:2:   layout_cave_pods, uniq_harold
Lair:3:   layout_small_grid, elwin_shoals_entry_rooms, lemuel_old_faithful,
          uniq_fannar
Lair:4:   layout_hall_layers, spider_nest_entry_funnel_web, serial_bayou_shore_b
Lair:5:   layout_roguey
Lair:6:   minmay_lair_end_frog_pond, layout_layer_cave,
          dpeg_slime_entry_enclosed_altar, gauntlet_entry_generic,
          minmay_stone_trees_small
Shoals:1: layout_shoals
Shoals:2: cheibrodos_shoals_baths, layout_shoals, uniq_ilsuiw
Shoals:3: layout_shoals
Shoals:4: shoals_end_grunt_ice, layout_shoals, hangedman_shoals_cup_caves
Spider:1: layout_spider_delve
Spider:2: layout_spider_delve, uniq_aizul
Spider:3: layout_spider_delve, uniq_jorgrun, uniq_louise, uniq_arachne
Spider:4: spider_rune_water
Orc:1:    layout_diamond_mine
Orc:2:    grunt_orc_gardens, layout_caves, grunt_orc_garden, grunt_orc_garden,
          grunt_orc_garden, grunt_orc_garden, basic_altar
Elf:1:    layout_onion_city, serial_shops, nicolae_shop_trees
Elf:2:    layout_geoelf_octagon, nooodl_food_tri
Elf:3:    grunt_elf_hall_branching, layout_gridlike, uniq_donald
Vaults:1: vaults_room_mumra_shop_pool, nicolae_vaults_rhombus_6,
          nicolae_vaults_little_squares_5, v_pattern_4,
          nicolae_vaults_network_square, v_alt_pattern_1, v_misc_2,
          layout_vaults_omnigrid, serial_shops, shop
Vaults:2: v_misc_24, v_misc_15, nicolae_vaults_network_barrier, v_misc_17,
          nicolae_vaults_little_squares_1, v_misc_5, special_room_vaults
          [special_room_orc], ontoclasm_vaults_loading_screen,
          nicolae_vaults_diagonal_hallway_6, ontoclasm_vaults_chip,
          layout_vaults_big_room
Vaults:3: ontoclasm_vaults_ring_large, nicolae_vaults_little_ls, v_misc_12,
          ontoclasm_vaults_ligature, hangedman_vaults_corner, v_misc_11,
          nicolae_vaults_network_quincunx
          [nicolae_vaults_network_quincunx_subvault,
          nicolae_vaults_network_quincunx_subvault,
          nicolae_vaults_network_quincunx_subvault,
          nicolae_vaults_network_quincunx_subvault,
          nicolae_vaults_network_quincunx_subvault],
          nicolae_vaults_twisting_passages, ontoclasm_vaults_fault,
          vaults_room_semicircle, nicolae_vaults_little_squares_6,
          minmay_crypt_entry_simple_sparse, vaults_mumra_hex,
          vaults_room_semicircle, nicolae_vaults_shelves_hall,
          vaults_dpeg_hooks, layout_vaults_omnicross
Depths:1: layout_basic, ebering_dispersal_statue_hall, hellmouth_3,
          minmay_misc_feat_x, drop_trap, hangedman_decor_peaks_small,
          minivault_15, serial_sigils_hangedman_clutch, abandoned_shop,
          minmay_misc_feat_doors, guppyfry_shop_earth, uniq_enchantress,
          uniq_mara
Depths:2: thingy_vault, layout_cave_pools, enter_ziggurat_a,
          rand_demon_pan_entry_7, hell_entry, abyss_entry_crystal,
          infiniplex_staircase_zigzag_5
Depths:3: hangedman_box_tower, layout_gridville, kennysheep_decorative_pillar,
          pan_entry, grunt_hell_entry_dis_old, minmay_staircase_windowed_large,
          uniq_frederick, uniq_bai_suzhen
Gauntlet: gammafunk_gauntlet_branching [nicolae_gauntlet_arena_quarters,
          gammafunk_gauntlet_arena_spirals,
          gammafunk_gauntlet_arena_split_diamond,
          nicolae_gauntlet_arena_grate_2, gammafunk_gauntlet_arena_mazey,
          nicolae_gauntlet_arena_x, gammafunk_gauntlet_arena_open,
          nicolae_gauntlet_arena_flowing_pool, gauntlet_exit_hidden_loot]

Skill      XL: |  1  2  3  4  5  6  7  8  9 10 11 12 13 14 15 16 17 18 19 20 21 22 23 |
---------------+----------------------------------------------------------------------+-----
Maces & Flails | 3 4 |  4.1
Armour         | 4 5 6 7 8 9 10 11 12 13 14 15 16 17 18 19 | 19.6
Fighting       | 4 5 6 7 9 10 11 12 13 14 15 16 17 18 19 | 19.5
Shields        | 4 5 8 9 |  9.9
Polearms       | 2 3 5 7 9 10 12 13 14 15 16 17 18 19 20 | 20.0
Invocations    | 1 4 6 8 9 11 12 13 14 15 16 | 16.0
Dodging        | 1 3 5 6 7 8 |  8.5
Summonings     | 2 3 |  3.8
Spellcasting   | 2 3 |  3.8
Evocations     | 2 4 6 8 |  8.0

Action                   |  1- 3 |  4- 6 |  7- 9 | 10-12 | 13-15 | 16-18 | 19-21 | 22-24 || total
-------------------------+-------+-------+-------+-------+-------+-------+-------+-------++-------
Melee: Flail             |   150 |   194 |       |     7 |       |       |       |       ||   351
       Bardiche          |       |    25 |   150 |   471 |   269 |   275 |   113 |       ||  1303
       Glaive            |       |       |       |       |   637 |   938 |  1076 |       ||  2651
       Trident           |       |       |       |       |       |       |   291 |   147 ||   438
       Trishula          |       |       |       |       |       |       |    59 |   757 ||   816
Throw: Javelin           |       |     6 |       |       |       |    59 |    16 |     5 ||    86
       Tomahawk          |       |     3 |       |       |       |       |       |       ||     3
Invok: Divine Shield     |       |       |       |     2 |     5 |     3 |     2 |     2 ||    14
       Summon Divine War |       |       |       |       |     8 |    13 |    16 |     9 ||    46
       Cleansing Flame   |       |       |       |       |     3 |     4 |     7 |     1 ||    15
       Brand Weapon With |       |       |       |       |       |       |     1 |       ||     1
 Abil: Stop Flying       |       |       |       |       |       |       |     2 |       ||     2
       Fly               |       |       |       |       |       |       |     2 |       ||     2
Evoke: Wand              |       |       |       |       |     1 |     6 |       |     1 ||     8
  Use: Scroll            |     1 |     1 |     8 |     7 |    18 |     5 |    20 |     5 ||    65
       Potion            |       |     1 |     3 |       |     3 |     4 |    15 |     2 ||    28
  Eat: Chunk             |     4 |    10 |    10 |    39 |    41 |    44 |    30 |    18 ||   196
       Ration            |       |       |       |       |     1 |     4 |     6 |     1 ||    12
Armor: Scale mail        |   139 |   130 |    69 |       |       |       |       |     1 ||   339
       Plate armour      |       |       |    75 |   639 |   495 |   433 |       |       ||  1642
       Chain mail        |       |       |       |       |   477 |   953 |  1346 |   405 ||  3181
       Storm dragon scal |       |       |       |       |       |       |       |    90 ||    90
Dodge: Dodged            |    77 |    79 |    82 |   284 |   487 |   715 |   837 |   236 ||  2797
Block: Shield            |   113 |   115 |       |       |       |       |    99 |   368 ||   695
       Other             |       |       |       |    10 |    42 |   212 |    79 |       ||   343
       Reflection        |       |       |       |       |       |     5 |     4 |    26 ||    35

Table legend:
 A = Non-vault XP
 B = Vault XP
 C = Vault XP percentage of total XP
 D = Non-vault monster count
 E = Vault monster count
 F = Vault count percentage of total count
                 A         B        C        D         E       F
            +---------+---------+-------+---------+---------+-------
      Total |  430026 |  319704 |  42.6 |    1234 |     523 |  29.8
            +---------+---------+-------+---------+---------+-------
        D:1 |      25 |       0 |   0.0 |      15 |       0 |   0.0
        D:2 |      69 |       0 |   0.0 |      29 |       0 |   0.0
        D:3 |     138 |       0 |   0.0 |      26 |       0 |   0.0
        D:4 |     253 |      37 |  12.8 |      15 |       1 |   6.2
        D:5 |     901 |     365 |  28.8 |      27 |       2 |   6.9
        D:6 |    1504 |     391 |  20.6 |      27 |       2 |   6.9
        D:7 |    1726 |     112 |   6.1 |      38 |       1 |   2.6
        D:8 |    1677 |    1842 |  52.3 |      25 |      24 |  49.0
        D:9 |    2317 |     953 |  29.1 |      21 |      15 |  41.7
       D:10 |    2264 |    1048 |  31.6 |      28 |       1 |   3.4
       D:11 |    5596 |       0 |   0.0 |      30 |       0 |   0.0
       D:12 |    6822 |       0 |   0.0 |      29 |       0 |   0.0
       D:13 |    5119 |    6043 |  54.1 |      19 |      12 |  38.7
       D:14 |    9260 |     152 |   1.6 |      36 |       3 |   7.7
       D:15 |   12131 |    7276 |  37.5 |      32 |      22 |  40.7
     Lair:1 |    3920 |       0 |   0.0 |      20 |       0 |   0.0
     Lair:2 |    7904 |    1002 |  11.3 |      28 |       1 |   3.4
     Lair:3 |    3806 |    1889 |  33.2 |      14 |       4 |  22.2
     Lair:4 |     913 |    1159 |  55.9 |       5 |       3 |  37.5
     Lair:5 |    3627 |       0 |   0.0 |       9 |       0 |   0.0
     Lair:6 |   18935 |   11062 |  36.9 |      62 |      44 |  41.5
   Shoals:1 |   12978 |       0 |   0.0 |      25 |       0 |   0.0
   Shoals:2 |   12566 |    6252 |  33.2 |      26 |      12 |  31.6
   Shoals:3 |   15426 |       0 |   0.0 |      40 |       0 |   0.0
   Shoals:4 |   12901 |   33017 |  71.9 |      27 |      48 |  64.0
   Spider:1 |    9820 |    1610 |  14.1 |      31 |       1 |   3.1
   Spider:2 |   13345 |       0 |   0.0 |      32 |       0 |   0.0
   Spider:3 |   16603 |    6440 |  27.9 |      44 |       4 |   8.3
   Spider:4 |   23212 |   18123 |  43.8 |      55 |      40 |  42.1
      Orc:1 |    6610 |    3062 |  31.7 |      55 |       4 |   6.8
      Orc:2 |    4558 |    5247 |  53.5 |      25 |      23 |  47.9
      Elf:1 |    7758 |       0 |   0.0 |      10 |       0 |   0.0
      Elf:2 |   14460 |   30877 |  68.1 |      28 |      35 |  55.6
      Elf:3 |   16880 |   34056 |  66.9 |      30 |      29 |  49.2
   Vaults:1 |   32307 |    6635 |  17.0 |      61 |      10 |  14.1
   Vaults:2 |   27988 |    5635 |  16.8 |      46 |      28 |  37.8
   Vaults:3 |   36459 |   20667 |  36.2 |      58 |      36 |  38.3
   Depths:1 |   26754 |   17347 |  39.3 |      34 |      24 |  41.4
   Depths:2 |   24523 |   18596 |  43.1 |      40 |      22 |  35.5
   Depths:3 |   25971 |   75056 |  74.3 |      32 |      60 |  65.2
   Gauntlet |       0 |    3753 | 100.0 |       0 |      12 | 100.0
            +---------+---------+-------+---------+---------+-------
